 Dungeon Crawl Stone Soup version 0.17.1-3-g152610e (webtiles) character file.

173 juanjsm the Stinger (level 5, 0/25 HPs)
             Began as a Spriggan Venom Mage on Apr 8, 2016.
             Killed by nerve-wracking pain
             ... invoked by Menkaure
              (13 damage)
             ... on level 4 of the Dungeon.
             The game lasted 00:27:59 (5416 turns).

juanjsm the Stinger (Spriggan Venom Mage)           Turns: 5416, Time: 00:27:59

Health: 0/25       AC:  2    Str:  4    XL:     5   Next: 28%
Magic:  7/12       EV: 20    Int: 17    God:
Gold:   196        SH:  0    Dex: 17    Spells: 4 memorised, 2 levels left

rFire  . . .     SeeInvis +     (weapon restricted)
rCold  . . .     Clarity  .     a - +0 robe
rNeg   + . .     SustAt   .     (shield restricted)
rPois  .         Gourm    .     (helmet restricted)
rElec  .         Spirit   .     (no cloak)
rCorr  .         Warding  .     (gloves unavailable)
rMut   .         Stasis   .     (boots unavailable)
MR     .....                    (no amulet)
Stlth  +++.......               (no ring)
                                l - ring of positive energy

@: very slightly contaminated, very quick, not resistant to hostile
enchantments, fairly stealthy
A: unfitting armour, see invisible, herbivore 3, speed 3, slow metabolism 2
a: no special abilities


You were on level 4 of the Dungeon.
You were not hungry.

You visited 2 branches of the dungeon, and saw 7 of its levels.

You collected 196 gold pieces.

Inventory:

Armour
 a - a +0 robe (worn)
Jewellery
 l - a ring of positive energy (left hand)
Wands
 k - a wand of magic darts (15)
 n - a wand of magic darts (18)
Scrolls
 f - 2 scrolls of teleportation
 g - a scroll of identify {unknown}
 h - a scroll of blinking {unknown}
 j - 2 scrolls of recharging {unknown}
 m - a scroll of immolation {unknown}
 o - a scroll of amnesia {unknown}
 q - 2 scrolls of enchant armour {unknown}
 r - 2 scrolls of fear {unknown}
 s - a scroll of magic mapping {unknown}
 t - 2 scrolls of remove curse {unknown}
 u - a scroll of noise {unknown}
Potions
 d - 3 potions of might {unknown}
 e - 4 potions of curing {unknown}
 i - a potion of poison {unknown}
 p - a potion of heal wounds {unknown}
 v - a potion of haste {unknown}
 w - a potion of agility {unknown}
 x - a potion of mutation {unknown}
 z - a potion of brilliance {unknown}
Books
 b - a Young Poisoner's Handbook

   Spells                             Type                      Level
   a - Sting                          Conjuration/Poison           1
   b - Cure Poison                    Poison                       2
   c - Mephitic Cloud                 Conjuration/Poison/Air       3
   d - Olgreb's Toxic Radiance        Poison                       4
   e - Venom Bolt                     Conjuration/Poison           5
Comestibles
 c - 3 bread rations


   Skills:
 + Level 0.5 Fighting
 + Level 4.4 Dodging
 + Level 4.3 Stealth
 + Level 0.4 Unarmed Combat
 + Level 4.1 Spellcasting
 + Level 0.8 Conjurations
 + Level 4.6 Poison Magic


You had 2 spell levels left.
You knew the following spells:

 Your Spells              Type           Power        Failure   Level  Hunger
a - Sting                 Conj/Pois      ##..         6%          1    None
b - Mephitic Cloud        Conj/Pois/Air  #.......     24%         3    ###....
c - Cure Poison           Pois           ###.......   3%          2    ##.....
d - Olgreb's Toxic Radia  Pois           ###.....     24%         4    ####...


Dungeon Overview and Level Annotations

Branches:
Dungeon (6/15)             Temple (1/1) D:6

Altars:
Ashenzari
Cheibriados
Elyvilon
Fedhas
Gozag
Kikubaaqudgha
Qazlal
Ru
Sif Muna
Xom
Zin
The Shining One

Shops:
D:6 ?

Annotations:
D:3 Crazy Yiuf, Jessica, Robin
D:4 Menkaure
D:5 Grinder


Innate Abilities, Weirdness & Mutations

You are tiny and cannot use many weapons and most armour.
You have supernaturally acute eyesight.
You are a herbivore.
You cover ground extremely quickly.
You need consume almost no food.


Message History

Casting: Olgreb's Toxic Radiance
Confirm with . or Enter, or press ? or * to list all spells.
Aiming: Sting
Press: ? - help, Shift-Dir - straight line, f/p - gnoll
Aim: a gnoll (moderately wounded)
The sting hits the gnoll.
The gnoll is poisoned.
The gnoll is heavily wounded.
The gnoll barely misses you. The gnoll hits you.
You hit the gnoll.
The gnoll is severely wounded.
Your surroundings suddenly seem different.
Menkaure shouts!
Menkaure casts a spell.
Menkaure seems to speed up.
Menkaure points at you and mumbles some strange words.
You resist with significant effort.
Menkaure gestures at you while chanting.
Pain shoots through your body!
Ouch! That really hurt!
You die...

............# #.#.# #.#
............# #.#.# #.#
............# #.#.# #.#
............# #.#.# #.#
............# #.#.####### #.# ##
............###'#........ #.# #.
###'#.......M.....#########.# #.
###.#.......................####.
....#...........@....######....#.
....#................######....#.
.....############..............#.
.....# #..............#. .....#
♣♣♣♣♣♣♣♣##................
#....#♣♣≈≈≈♣≈≈≈≈#..........<.####
l....P≈≈≈≈≈≈≈≈≈♣≈............#...
.......≈.≈≈≈≈≈≈≈♣♣♣..........#.##
...+...........P≈P≈#+#'###.###.#


You could see Menkaure.

Vanquished Creatures
  2 worker ants
  5 adders
  An ooze (D:4)
  3 worms (D:2)
  4 giant geckos
  An orc (D:3)
  A ball python (D:3)
  6 bats
  A giant cockroach (D:1)
  9 hobgoblins
  A jackal (D:6)
  6 kobolds
  5 giant newts
  7 goblins
  2 quokkas
  10 rats
64 creatures vanquished.

Notes
Turn   | Place    | Note
--------------------------------------------------------------
     0 | D:1      | juanjsm the Spriggan Venom Mage began the quest for the Orb.
     0 | D:1      | Reached XP level 1. HP: 9/9 MP: 5/5
   615 | D:3      | Reached XP level 2. HP: 8/13 MP: 1/6
   980 | D:4      | Found a glowing golden altar of the Shining One.
   983 | D:4      | Noticed Menkaure
  1106 | D:4      | Found an ancient bone altar of Kikubaaqudgha.
  1137 | D:4      | Reached XP level 3. HP: 3/16 MP: 5/8
  1142 | D:4      | Learned a level 3 spell: Mephitic Cloud
  1508 | D:4      | Found a sacrificial altar of Ru.
  1632 | D:5      | Entered Level 5 of the Dungeon
  1797 | D:6      | Found Lerch's Magic Scroll Boutique.
  1815 | D:6      | Found a staircase to the Ecumenical Temple.
  1828 | Temple   | Entered the Ecumenical Temple
  1997 | D:6      | Noticed a sky beast
  2035 | D:6      | Noticed a centaur
  2214 | D:5      | Noticed a phantom
  2277 | D:5      | Reached XP level 4. HP: 11/21 MP: 1/10
  2282 | D:5      | Learned a level 2 spell: Cure Poison
  2287 | D:5      | Learned a level 4 spell: Olgreb's Toxic Radiance
  2506 | D:6      | Noticed an orc warrior
  2537 | D:6      | Noticed a scorpion
  2549 | D:5      | Noticed Grinder
  2617 | D:3      | Noticed Jessica
  2697 | D:2      | Found a shattered altar of Ashenzari.
  4355 | D:2      | Reached XP level 5. HP: 22/25 MP: 9/12
  4799 | D:3      | Noticed Robin
  4888 | D:3      | Noticed Crazy Yiuf
  5313 | D:4      | Noticed a scorpion
  5416 | D:4      | Killed from afar by Menkaure

Action                   |  1- 3 |  4- 6 || total
-------------------------+-------+-------++-------
Melee: Unarmed           |    27 |    79 ||   106
 Cast: Sting             |    48 |   119 ||   167
       Mephitic Cloud    |     1 |     3 ||     4
  Use: Scroll            |       |     1 ||     1
 Stab: Sleeping          |     6 |    14 ||    20
  Eat: Bread ration      |       |     1 ||     1
